 Dungeon Crawl Stone Soup version 0.23.2 (webtiles) character file.

Game seed: 4349166074611347430

23 MartialLaw the Skirmisher (level 3, -1/23 HPs)
             Began as a Gargoyle Fighter on Mar 31, 2019.
             Slain by a worm (3 damage)
             ... on level 2 of the Dungeon.
             The game lasted 00:01:18 (431 turns).

MartialLaw the Skirmisher (Gargoyle Fighter)         Turns: 431, Time: 00:01:19

Health: -1/23      AC: 10    Str: 20    XL:     3   Next: 0%
Magic:  3/3        EV:  7    Int:  8    God:
Gold:   64         SH:  9    Dex:  9    Spells: 2/2 levels left

rFire    . . .     SeeInvis .   a - +0 flail
rCold    . . .     Gourm    .   c - +0 shield
rNeg     + . .     Faith    .   b - +0 scale mail
rPois    ∞         Spirit   .   (no helmet)
rElec    +         Reflect  .   (no cloak)
rCorr    .         Harm     .   (no gloves)
MR       .....                  (no boots)
Stlth    ..........             (no amulet)
HPRegen  0.07/turn              (no ring)
MPRegen  0.08/turn              (no ring)

@: no status effects
A: negative energy resistance 1, electricity resistance, unbreathing,
petrification resistance, rot immunity, AC +3
a: no special abilities


You were on level 2 of the Dungeon.
You were not hungry.

You visited 1 branch of the dungeon, and saw 2 of its levels.

You collected 64 gold pieces.

Inventory:

Hand Weapons
 a - a +0 flail (weapon)
Armour
 b - a +0 scale mail (worn)
 c - a +0 shield (worn)
Scrolls
 j - a scroll of identify {unknown}
 k - a scroll of enchant weapon {unknown}
 l - a scroll of magic mapping {unknown}
 m - a scroll of immolation {unknown}
 o - a scroll of fog {unknown}
Potions
 d - a potion of might
 e - a potion of haste {unknown}
 h - a potion of degeneration {unknown}
 i - a potion of heal wounds {unknown}
 n - a potion of curing {unknown}
Comestibles
 f - 2 rations
 g - 6 chunks of flesh


   Skills:
 + Level 3.5 Fighting
 + Level 2.5 Maces & Flails
 + Level 3.5 Armour
 + Level 0.2 Dodging
 + Level 3.5 Shields


You had 2 spell levels left.
You didn't know any spells.
Your spell library was empty.

Dungeon Overview and Level Annotations

Branches:
Dungeon (2/15)

Altars:


Innate Abilities, Weirdness & Mutations

You are resistant to torment.
Your stone body is resilient. (AC +3)
You are immune to poison.
You resist negative energy. (rN+)
You are resistant to electric shocks. (rElec)
You can survive without breathing.
You are immune to petrification.
You are immune to rotting.


Message History

The hobgoblin hits you but does no damage.
The rat bites you but does no damage. You block the kobold's attack.
The quokka barely misses you. The rat closely misses you. x2
The hobgoblin hits you but does no damage.
The worm bites you but does no damage. You block the quokka's attack.
The kobold hits you but does no damage. The rat bites you but does no damage.
The rat barely misses you. The hobgoblin barely misses you.
The quokka closely misses you. The kobold hits you with a +0 club.
* * * LOW HITPOINT WARNING * * *
You block the rat's attack. The worm bites you but does no damage.
You block the rat's attack.
The quokka bites you but does no damage.
The hobgoblin hits you but does no damage.
You block the kobold's attack. The rat bites you but does no damage.
The quokka barely misses you. The rat barely misses you.
The hobgoblin hits you but does no damage.
The worm bites you.
You die...

#. ..........# #.
..........# #.
..........#### #.
.............. #.
..........##.^ #.
..........##.# # ###.#.
......rgr.##.#<# .....#.
.....gK@r.##.#.##.# #..
......w........##.# #..
............†####.####..
########.>..†...........
#.....#........(.
#...†.#..........
#.....##.........
#.....##.........
#.....##.........


You could see a worm, a quokka, a hobgoblin, a goblin, a kobold and 2 rats.

Vanquished Creatures
  A leopard gecko (D:1)
  2 bats (D:2)
  2 giant cockroaches
  3 goblins
  7 hobgoblins
  A kobold (D:1)
  2 rats (D:1)
18 creatures vanquished.

Notes
Turn   | Place    | Note
-------+----------+-------------------------------------------
     0 | D:1      | MartialLaw the Gargoyle Fighter began the quest for the
                  | Orb.
     0 | D:1      | Reached XP level 1. HP: 14/14 MP: 1/1
   169 | D:1      | Reached XP level 2. HP: 16/19 MP: 2/2
   395 | D:2      | Reached XP level 3. HP: 21/23 MP: 3/3
   431 | D:2      | Slain by a worm

Action                   || total
-------------------------++-------
Melee: Flail             ||    76
Armor: Scale mail        ||    82
Dodge: Dodged            ||    48
Block: Shield            ||    66
